 Dungeon Crawl Stone Soup version 0.31-a0-230-g09eb5fc4d3 (webtiles) character file.

Game seed: 18301809295872220501

864 qw the Skirmisher (level 7, -4/61 HPs)
             Began as a Minotaur Hexslinger on July 6, 2023.
             Slain by Duvessa
             ... wielding a +0 short sword
              (7 damage)
             ... on level 6 of the Dungeon.
             The game lasted 00:01:29 (3832 turns).

qw the Skirmisher (Minotaur Hexslinger)             Turns: 3832, Time: 00:01:29

Health: -4/61      AC:  7    Str: 13    XL:     7   Next: 72%
Magic:  7/7        EV: 11    Int: 10    God:
Gold:   166        SH:  0    Dex: 14    Spells: 7/8 levels left

rFire   . . .        m - +1 sling (heavy)
rCold   . . .        (no shield)
rNeg    . . .        i - +0 ring mail
rPois   .            (helmet restricted)
rElec   .            q - scarf {repulsion}
rCorr   .            (no gloves)
SInv    .            j - +1 pair of boots
Will    .....        (no amulet)
Stlth   +            (no ring)
HPRegen 0.30/turn    (no ring)
MPRegen 0.10/turn

%: repel missiles
@: lethally poisoned (-4 -> -22)
A: horns 2, retaliatory headbutt
a: no special abilities


You were on level 6 of the Dungeon.
You visited 1 branch of the dungeon, and saw 6 of its levels.

You collected 287 gold pieces.
You spent 121 gold pieces at shops.


Innate Abilities, Weirdness & Mutations

You have a pair of horns on your head.
You reflexively headbutt those who attack you in melee.


   Skills:
 - Level 5.3 Fighting
 + Level 8.3 Ranged Weapons
 - Level 2.0 Armour
 - Level 2.1 Dodging
 - Level 1.0 Spellcasting
 - Level 2.0 Hexes


You had 7 spell levels left.
You knew the following spells:

 Your Spells              Type           Power      Damage    Failure   Level
a - Slow                  Hex            16%        N/A       32%         1

Your spell library contained the following spells:

 Spells                   Type           Power      Damage    Failure   Level
 Inner Flame              Hex/Fire       2%         N/A       82%         3
 Portal Projectile        Hex/Tloc       4%         N/A       82%         3
 Cause Fear               Hex            2%         N/A       97%         4

Inventory:

Hand Weapons
 m - a +1 heavy sling (weapon)
Armour
 d - the +1 ring mail "Jaycveg" {Str+6 Dex+4}
   (You found it on level 6 of the Dungeon)

   Str:       It affects your strength (+6).
   Dex:       It affects your dexterity (+4).
 i - a +0 ring mail (worn)
 j - a +1 pair of boots (worn)
 o - a +0 cloak
 q - a scarf of repulsion (worn)
Scrolls
 b - a scroll of identify
Potions
 a - a potion of mutation
 c - 2 potions of enlightenment
 e - a potion of haste
 f - 3 potions of curing
 g - a potion of invisibility {unknown}
 k - a potion of might
 l - a potion of attraction {unknown}
 n - a potion of berserk rage {unknown}
 r - a potion of degeneration {unknown}

Dungeon Overview and Level Annotations

Branches:
Dungeon (6/15)
 Temple: D:4-7

Altars:
Ashenzari
Nemelex Xobeh
Qazlal
Zin

Shops:
D:3 !

Annotations:
D:6 Dowan, Duvessa


Message History

You shoot a sling bullet. The sling bullet hits Duvessa.
Duvessa is heavily wounded.
You feel very sick. Dowan barely misses you. You furiously retaliate!
You headbutt Dowan! Duvessa hits you with a +0 short sword.
You shoot a sling bullet.
The sling bullet hits Duvessa but does no damage.
Duvessa is heavily wounded.
You feel very sick. Dowan gestures at you while chanting.
You resist with some effort.
Duvessa says, "When magic and the sword combine, nothing stands against them."
Duvessa hits you with a +0 short sword. Duvessa barely misses you.
Dowan hits you with a +0 dagger of venom.
You are more poisoned.
You shoot a sling bullet. The sling bullet hits Duvessa!
Duvessa is severely wounded.
You feel very sick. Dowan hits you but does no damage.
You are more poisoned.
Duvessa hits you with a +0 short sword.
Dowan smirks and points a slender finger.
Dowan hits you but does no damage. Duvessa hits you with a +0 short sword!
3830 ||| DRINKING potion of heal wounds.
You feel much better.
You feel very sick. Duvessa hits you with a +0 short sword.
Dowan hits you with a +0 dagger of venom.
You are lethally poisoned!
You shoot a sling bullet.
The sling bullet closely misses Duvessa.
You feel extremely sick. Duvessa closely misses you.
Dowan hits you with a +0 dagger of venom.
You shoot a sling bullet. The sling bullet barely misses Duvessa.
You feel very sick. Dowan hits you but does no damage.
You are more poisoned.
Duvessa hits you but does no damage. Duvessa hits you with a +0 short sword!
You die...

#............#...#..<.
#########.####..##.####...
#...##.##.####..#######...
#.......'...#.............
#.......#...#.............
#.......#...#.............
#.......#...#.............
#.......#...#.............
#.......#@e.#.............
#########e..##.##..##...##
#...############## ......
....... #........#
#........# #........#


You could see Duvessa and Dowan.

Vanquished Creatures
  A water moccasin (D:5)
  A black bear (D:4)
  A bullfrog (D:6)
  2 scorpions
  2 jellies
  4 hounds
  2 sleepcaps
  Jessica (D:2)
  An iguana (D:5)
  3 gnolls (D:5)
  6 adders
  A shadow imp (D:6)
  A white imp (D:5)
  4 worms
  2 dart slugs
  7 orcs
  7 endoplasms
  6 giant cockroaches (D:2)
  6 hobgoblins
  9 jackals
  4 quokkas
  7 ball pythons
  5 bats
  3 frilled lizards
  5 goblins
  4 kobolds
  3 rats
98 creatures vanquished.

Notes
Turn   | Place    | Note
-------+----------+-------------------------------------------
     0 | D:1      | qw the Minotaur Hexslinger began the quest for the Orb.
     0 | D:1      | Reached XP level 1. HP: 16/16 MP: 1/1
     0 | D:1      | 0 ||| qw: Version: 0.3-a-46-gb1f654a
     0 | D:1      | 0 ||| qw: Game counter: 1755
     0 | D:1      | 0 ||| qw: Melee chars always use a shield: true
     0 | D:1      | 0 ||| qw: God list: Okawaru
     0 | D:1      | 0 ||| qw: Allow faded altars: false
     0 | D:1      | 0 ||| qw: Do Orc after clearing Dungeon:15 true
     0 | D:1      | 0 ||| qw: Do second Lair branch before Depths: true
     0 | D:1      | 0 ||| qw: Lair rune preference: random
     0 | D:1      | 0 ||| qw: Goals: Normal
     0 | D:1      | 0 ||| PLANNING D:1-11
   341 | D:1      | Reached skill level 3 in Ranged Weapons
   341 | D:1      | Reached XP level 2. HP: 23/23 MP: 2/2
   674 | D:1      | 674 ||| UPGRADING to +0 ring mail.
   684 | D:1      | 684 ||| DROPPING +0 robe.
   685 | D:1      | 685 ||| UPGRADING to +0 pair of boots.
   690 | D:1      | 690 ||| READING scroll labelled TOPPOL SACEG.
   691 | D:1      | 691 ||| READING scroll labelled QIUC ROROBAVU.
   692 | D:1      | 692 ||| READING scroll labelled KYCRAU TALUM.
   693 | D:1      | 693 ||| READING scroll labelled OSOACR SAKE.
   694 | D:1      | 694 ||| DRINKING 2 green potions.
   695 | D:1      | 695 ||| DROPPING scroll of poison.
   756 | D:2      | Noticed Jessica
   760 | D:2      | Killed Jessica
   761 | D:2      | Reached skill level 4 in Ranged Weapons
   761 | D:2      | Reached XP level 3. HP: 20/29 MP: 3/3
   830 | D:2      | Found a broken altar of Ashenzari.
   939 | D:2      | Reached skill level 1 in Armour
  1046 | D:2      | Reached XP level 4. HP: 36/36 MP: 4/4
  1446 | D:2      | Reached skill level 5 in Ranged Weapons
  1478 | D:2      | 1478 ||| READING scroll labelled USUGINW MOULI.
  1482 | D:2      | 1482 ||| READING scroll labelled EMIHIB QOISYA.
  1483 | D:2      | 1483 ||| READING scroll labelled EHYSTAS CYELICK.
  1484 | D:2      | 1484 ||| READING scroll labelled BITOCI XEIG.
  1485 | D:2      | 1485 ||| DRINKING 2 inky potions.
  1486 | D:2      | 1486 ||| READING 2 scrolls of identify.
  1486 | D:2      | 1486 ||| IDENTIFYING lumpy ruby potion
  1812 | D:3      | Reached skill level 3 in Fighting
  1812 | D:3      | Reached XP level 5. HP: 45/45 MP: 5/5
  1814 | D:3      | 1814 ||| DRINKING 2 silvery potions.
  1900 | D:3      | Found a faded altar of an unknown god.
  1926 | D:3      | Found a glowing silver altar of Zin.
  1940 | D:3      | Found Fasti's Distillery.
  1945 | D:3      | 1945 ||| BUYING potion of curing (33 gold).
  1945 | D:3      | Bought a potion of curing for 33 gold pieces
  1945 | D:3      | 1945 ||| BUYING potion of curing (33 gold).
  1945 | D:3      | Bought a potion of curing for 33 gold pieces
  1945 | D:3      | 1945 ||| SHOPLISTING potion of haste (110 gold, have 83).
  1945 | D:3      | 1945 ||| BUYING potion of heal wounds (55 gold).
  1945 | D:3      | Bought a potion of heal wounds for 55 gold pieces
  1945 | D:3      | 1945 ||| SHOPLISTING potion of resistance (110 gold, have
                  | 28).
  2025 | D:3      | 2025 ||| READING 2 scrolls of identify.
  2025 | D:3      | 2025 ||| IDENTIFYING murky red potion
  2063 | D:4      | 2063 ||| STAIRDANCE
  2206 | D:4      | Noticed a black bear
  2213 | D:4      | Killed a black bear
  2214 | D:4      | Reached skill level 6 in Ranged Weapons
  2214 | D:4      | Reached XP level 6. HP: 44/51 MP: 6/6
  2239 | D:4      | 2239 ||| READING scroll labelled RUGUSO LUYFF.
  2247 | D:4      | 2247 ||| STAIRDANCE
  2248 | D:3      | Found a sparkling altar of Nemelex Xobeh.
  2606 | D:4      | 2606 ||| UPGRADING to +0 cloak.
  2638 | D:5      | Entered Level 5 of the Dungeon
  2736 | D:5      | Noticed a water moccasin
  2746 | D:5      | HP: 11/52 [poisoned by a water moccasin]
  2747 | D:5      | 2747 ||| DRINKING 2 potions of heal wounds.
  2749 | D:5      | Killed a water moccasin
  2750 | D:5      | Reached skill level 7 in Ranged Weapons
  3073 | D:5      | Reached XP level 7. HP: 56/59 MP: 7/7
  3222 | D:5      | 3222 ||| READING scroll of enchant armour.
  3222 | D:5      | 3222 ||| ENCHANTING +0 pair of boots.
  3254 | D:5      | Reached skill level 8 in Ranged Weapons
  3493 | D:5      | 3493 ||| UPGRADING to scarf of repulsion.
  3503 | D:5      | 3503 ||| DRINKING 2 orange potions.
  3504 | D:5      | 3504 ||| READING 2 scrolls of identify.
  3504 | D:5      | 3504 ||| IDENTIFYING murky ruby potion
  3505 | D:5      | 3505 ||| DROPPING potion of lignification.
  3506 | D:5      | 3506 ||| DROPPING potion of brilliance.
  3602 | D:6      | Identified the +1 ring mail "Jaycveg" {Str+6 Dex+4}
  3661 | D:6      | Found a stormy altar of Qazlal.
  3822 | D:6      | Noticed Duvessa
  3822 | D:6      | Noticed Dowan
  3829 | D:6      | HP: 14/61 [Duvessa/+0 short sword (8)]
  3830 | D:6      | 3830 ||| DRINKING potion of heal wounds.
  3832 | D:6      | HP: 3/61 [poisoned by Dowan]
  3832 | D:6      | Slain by Duvessa

Levels and vault maps discovered:
D:1:      minmay_arrival_checkered_box, layout_loops_cross, nrook_campfire,
          minmay_octomino_j4
D:2:      minmay_chambers_of_twos, layout_basic, basic_altar,
          minmay_worlds_worst_comb, uniq_jessica
D:3:      layout_rooms, mainiacjoe_overflow_chevrons,
          nicolae_overflow_ecumenical_swirl, serial_shops,
          nicolae_shop_hallway_stairs
D:4:      layout_cave_pools
D:5:      layout_loops_ring, corexii_checkpoint_a,
          hangedman_abyss_or_decor_stabs
D:6:      layout_gridville, grunt_qazlal_clouds, minmay_temple_entry_offerings,
          uniq_duvessa

Skill      XL: |  1  2  3  4  5  6  7 |
---------------+----------------------+-----
Ranged Weapons | 3 4 5 6 7 8 |  8.3
Fighting       | 2 3 4 5 |  5.3
Armour         | 1 2 |  2.0
Dodging        | |  2.1
Spellcasting   | |  1.0
Hexes          | |  2.0

Action                     |  1- 3 |  4- 6 |  7- 9 || total
---------------------------+-------+-------+-------++-------
   Fire: Sling             |   108 |   150 |    55 ||   313
    Use: Scroll            |     4 |     7 |     2 ||    13
         Potion            |     1 |     3 |     2 ||     6
 Armour: Robe              |     2 |       |       ||     2
         Ring mail         |    12 |    48 |    16 ||    76
  Dodge: Dodged            |    43 |    85 |    21 ||   149

Table legend:
 A = Non-vault XP
 B = Vault XP
 C = Vault XP percentage of total XP
 D = Non-vault monster count
 E = Vault monster count
 F = Vault count percentage of total count
                 A         B        C        D         E       F
            +---------+---------+-------+---------+---------+-------
      Total |    1142 |      93 |   7.5 |      79 |      19 |  19.4
            +---------+---------+-------+---------+---------+-------
        D:1 |      26 |       5 |  16.1 |      17 |       3 |  15.0
        D:2 |      51 |      85 |  62.5 |      13 |      14 |  51.9
        D:3 |      87 |       0 |   0.0 |      15 |       0 |   0.0
        D:4 |     165 |       0 |   0.0 |      13 |       0 |   0.0
        D:5 |     542 |       3 |   0.6 |      16 |       2 |  11.1
        D:6 |     271 |       0 |   0.0 |       5 |       0 |   0.0
            +---------+---------+-------+---------+---------+-------
